TOP OF THE 1ST |
BlackIron Dragons batting - Pitching for Key West Barracudas : RHP Lawrence Fish
|
Pitching: RHP Lawrence Fish
|
|
Batting: RHB José Colón
|
0-0: Ball 1-0: Ball 2-0: Ball 3-0: Base on Balls
|
Batting: RHB Boyd Pittman
|
0-0: Ball 1-0: Fly out, F4 (Popup, 34)
|
Batting: RHB Gil Palmer
|
0-0: Foul Ball, location: 2F 0-1: Swinging Strike 0-2: Grounds into double play, 5-4-3 (Groundball, 56)
|
Top of the 1st over - 0 run(s), 0 hit(s), 0 error(s), 0 left on base; BlackIron 0 - Key West 0 |
BOTTOM OF THE 1ST |
Key West Barracudas batting - Pitching for BlackIron Dragons : RHP Fernando Mendoza
|
Pitching: RHP Fernando Mendoza
|
|
Batting: RHB Richard Sanders
|
0-0: SINGLE (Groundball, 6MD)
|
Batting: RHB Chris Adams
|
0-0: Ball 1-0: Ball 2-0: Grounds into double play, 5-4-3 (Groundball, 5L)
|
Batting: LHB Domingo Ledesma
|
0-0: Called Strike 0-1: Swinging Strike 0-2: Ground out U3 (Groundball, 3)
|
Bottom of the 1st over - 0 run(s), 1 hit(s), 0 error(s), 0 left on base; BlackIron 0 - Key West 0 |
TOP OF THE 2ND |
BlackIron Dragons batting - Pitching for Key West Barracudas : RHP Lawrence Fish
|
Batting: LHB Culley Vaughan
|
0-0: Ball 1-0: Ball 2-0: Ball 3-0: Called Strike 3-1: Called Strike 3-2: SINGLE (Flyball, 8RS)
|
Batting: RHB Preston MacLyan
|
0-0: Ball 1-0: Foul Ball, location: 2F 1-1: Called Strike 1-2: Fly out, F3 (Popup, 3F)
|
Batting: RHB Frank Maxwell
|
0-0: Swinging Strike 0-1: Ball 1-1: Swinging Strike 1-2: Ball 2-2: Foul Ball, location: 2F 2-2: Ball 3-2: Foul Ball, location: 2F 3-2: Base on Balls Culley Vaughan to second
|
Batting: RHB Mark Arnold
|
0-0: Hit by Pitch Culley Vaughan to third Frank Maxwell to second
|
Batting: RHB Doug O'Brien
|
0-0: GRAND SLAM HOME RUN (Flyball, 8LXD), Distance : 438 ft
|
Batting: RHB Eugene Payne
|
0-0: Ground out 1-3 (Groundball, 13)
|
Batting: RHB José Colón
|
0-0: Foul Ball, location: 2F 0-1: Foul Ball, location: 2F 0-2: Strikes out swinging
|
Top of the 2nd over - 4 run(s), 2 hit(s), 0 error(s), 0 left on base; BlackIron 4 - Key West 0 |
BOTTOM OF THE 2ND |
Key West Barracudas batting - Pitching for BlackIron Dragons : RHP Fernando Mendoza
|
Batting: LHB Daniel Byrd
|
0-0: Fly out, F6 (Line Drive, 56)
|
Batting: RHB Dan Craft
|
0-0: SINGLE (Groundball, 4M)
|
Batting: LHB Víctor Acevedo
|
0-0: Called Strike Throwing error on steal attempt, E2 Dan Craft to third 0-1: Ball 1-1: Swinging Strike 1-2: Strikes out swinging
|
Batting: RHB Júlio Cruz
|
0-0: Called Strike 0-1: Foul Ball, location: 2F 0-2: Strikes out swinging
|
Bottom of the 2nd over - 0 run(s), 1 hit(s), 1 error(s), 1 left on base; BlackIron 4 - Key West 0 |
TOP OF THE 3RD |
BlackIron Dragons batting - Pitching for Key West Barracudas : RHP Lawrence Fish
|
Batting: RHB Boyd Pittman
|
0-0: Ball 1-0: Called Strike 1-1: Called Strike 1-2: Ball 2-2: Strikes out looking
|
Batting: RHB Gil Palmer
|
0-0: Called Strike 0-1: Fly out, F9 (Flyball, 89S)
|
Batting: LHB Culley Vaughan
|
0-0: Ball 1-0: Ball 2-0: Ball 3-0: Called Strike 3-1: Foul Ball, location: 2F 3-2: Base on Balls
|
Batting: RHB Preston MacLyan
|
0-0: Called Strike 0-1: Swinging Strike 0-2: Ball 1-2: Ball 2-2: Foul Ball, location: 2F 2-2: Strikes out looking
|
Top of the 3rd over - 0 run(s), 0 hit(s), 0 error(s), 1 left on base; BlackIron 4 - Key West 0 |
BOTTOM OF THE 3RD |
Key West Barracudas batting - Pitching for BlackIron Dragons : RHP Fernando Mendoza
|
Batting: SHB Héctor Jiménez
|
0-0: Called Strike 0-1: DOUBLE (Flyball, 89M)
|
Batting: LHB Motoki Hirata
|
0-0: Swinging Strike 0-1: Fly out, F7 (Flyball, 7M)
|
Batting: RHB Richard Sanders
|
0-0: Swinging Strike 0-1: Ball Passed Ball! Héctor Jiménez to third 1-1: Ball 2-1: Foul Ball, location: 2F 2-2: Ball 3-2: Foul Ball, location: 2F 3-2: 2-RUN HOME RUN (Line Drive, 7LD), Distance : 358 ft
|
Batting: RHB Chris Adams
|
0-0: Foul Ball, location: 2F 0-1: Foul Ball, location: 2F 0-2: Ball 1-2: Ball 2-2: Ball 3-2: Strikes out looking
|
Batting: LHB Domingo Ledesma
|
0-0: Called Strike 0-1: Ball 1-1: Swinging Strike 1-2: Ball 2-2: Fly out, F9 (Flyball, 89M)
|
Bottom of the 3rd over - 2 run(s), 2 hit(s), 0 error(s), 0 left on base; BlackIron 4 - Key West 2 |
TOP OF THE 4TH |
BlackIron Dragons batting - Pitching for Key West Barracudas : RHP Lawrence Fish
|
Batting: RHB Frank Maxwell
|
0-0: Ball 1-0: Ball 2-0: Ball 3-0: Base on Balls
|
Batting: RHB Mark Arnold
|
0-0: Foul Ball, location: 2F 0-1: Ball 1-1: Foul Ball, location: 2F 1-2: Ball 2-2: Ball 3-2: SINGLE (Groundball, 56D) Frank Maxwell to second
|
Batting: RHB Doug O'Brien
|
0-0: Called Strike 0-1: Called Strike 0-2: Strikes out looking
|
Batting: RHB Eugene Payne
|
0-0: Ball 1-0: Ball 2-0: Foul Ball, location: 2F 2-1: Ball 3-1: Swinging Strike 3-2: Strikes out swinging
|
Batting: RHB José Colón
|
0-0: Ball 1-0: Swinging Strike 1-1: Swinging Strike 1-2: Strikes out looking
|
Top of the 4th over - 0 run(s), 1 hit(s), 0 error(s), 2 left on base; BlackIron 4 - Key West 2 |
BOTTOM OF THE 4TH |
Key West Barracudas batting - Pitching for BlackIron Dragons : RHP Fernando Mendoza
|
Batting: LHB Daniel Byrd
|
0-0: DOUBLE (Line Drive, 9LM)
|
Batting: RHB Dan Craft
|
0-0: Swinging Strike 0-1: Ball 1-1: Ground out U3 (Groundball, 3S) Daniel Byrd to third
|
Batting: LHB Víctor Acevedo
|
0-0: Called Strike 0-1: SINGLE (Groundball, 34D) Daniel Byrd scores
|
Batting: RHB Júlio Cruz
|
0-0: Ball 1-0: Ball 2-0: Ground out 5-3 (Groundball, 15S) Víctor Acevedo to second
|
Batting: SHB Héctor Jiménez
|
0-0: Ball 1-0: Ball 2-0: Called Strike 2-1: Ball 3-1: Base on Balls
|
Batting: LHB Motoki Hirata
|
0-0: Ball 1-0: Foul Ball, location: 2F 1-1: Foul Ball, location: 2F 1-2: Ground out U3 (Groundball, 3L)
|
Bottom of the 4th over - 1 run(s), 2 hit(s), 0 error(s), 2 left on base; BlackIron 4 - Key West 3 |
TOP OF THE 5TH |
BlackIron Dragons batting - Pitching for Key West Barracudas : RHP Lawrence Fish
|
Batting: RHB Boyd Pittman
|
0-0: Ball 1-0: Ball 2-0: Fly out, F3 (Popup, 3DF)
|
Batting: RHB Gil Palmer
|
0-0: Foul Ball, location: 2F 0-1: Ball 1-1: Fly out, F7 (Flyball, 78D)
|
Batting: LHB Culley Vaughan
|
0-0: Ball 1-0: Swinging Strike 1-1: Foul Ball, location: 2F 1-2: Ball 2-2: Foul Ball, location: 2F 2-2: Foul Ball, location: 2F 2-2: Strikes out swinging
|
Top of the 5th over - 0 run(s), 0 hit(s), 0 error(s), 0 left on base; BlackIron 4 - Key West 3 |
BOTTOM OF THE 5TH |
Key West Barracudas batting - Pitching for BlackIron Dragons : RHP Fernando Mendoza
|
Batting: RHB Richard Sanders
|
0-0: Called Strike 0-1: Called Strike 0-2: Ball 1-2: Strikes out swinging
|
Batting: RHB Chris Adams
|
0-0: Called Strike 0-1: Called Strike 0-2: Ball 1-2: Foul Ball, location: 2F 1-2: Strikes out swinging
|
Batting: LHB Domingo Ledesma
|
0-0: Ball 1-0: Swinging Strike 1-1: Foul Ball, location: 2F 1-2: Strikes out swinging
|
Bottom of the 5th over - 0 run(s), 0 hit(s), 0 error(s), 0 left on base; BlackIron 4 - Key West 3 |
TOP OF THE 6TH |
BlackIron Dragons batting - Pitching for Key West Barracudas : RHP Lawrence Fish
|
Pitching: RHP Gerald Núñez
|
|
Batting: RHB Preston MacLyan
|
0-0: Ball 1-0: Ground out 6-3 (Groundball, 6)
|
Batting: RHB Frank Maxwell
|
0-0: Ball 1-0: Foul Ball, location: 2F 1-1: Ball 2-1: Foul Ball, location: 2F 2-2: Fly out, F7 (Flyball, 7LM)
|
Batting: RHB Mark Arnold
|
0-0: Ball 1-0: Called Strike 1-1: Called Strike 1-2: Strikes out swinging
|
Top of the 6th over - 0 run(s), 0 hit(s), 0 error(s), 0 left on base; BlackIron 4 - Key West 3 |
BOTTOM OF THE 6TH |
Key West Barracudas batting - Pitching for BlackIron Dragons : RHP Fernando Mendoza
|
Batting: LHB Daniel Byrd
|
0-0: Called Strike 0-1: Ball 1-1: Foul Ball, location: 2F 1-2: Ball 2-2: Foul Ball, location: 2F 2-2: Strikes out swinging
|
Batting: RHB Dan Craft
|
0-0: Called Strike 0-1: Ball 1-1: Foul Ball, location: 2F 1-2: Foul Ball, location: 2F 1-2: Strikes out looking
|
Batting: LHB Víctor Acevedo
|
0-0: Called Strike 0-1: Ground out 6-3 (Groundball, 6M)
|
Bottom of the 6th over - 0 run(s), 0 hit(s), 0 error(s), 0 left on base; BlackIron 4 - Key West 3 |
TOP OF THE 7TH |
BlackIron Dragons batting - Pitching for Key West Barracudas : RHP Gerald Núñez
|
Batting: RHB Doug O'Brien
|
0-0: Called Strike 0-1: Called Strike 0-2: Ball 1-2: Strikes out looking
|
Batting: RHB Eugene Payne
|
0-0: Called Strike 0-1: Swinging Strike 0-2: Ground out 6-3 (Groundball, 6)
|
Batting: RHB José Colón
|
0-0: Ball 1-0: Foul Ball, location: 2F 1-1: Swinging Strike 1-2: Ball 2-2: Ball 3-2: Strikes out looking
|
Top of the 7th over - 0 run(s), 0 hit(s), 0 error(s), 0 left on base; BlackIron 4 - Key West 3 |
BOTTOM OF THE 7TH |
Key West Barracudas batting - Pitching for BlackIron Dragons : RHP Fernando Mendoza
|
Batting: RHB Júlio Cruz
|
0-0: Called Strike 0-1: Ball 1-1: Foul Ball, location: 2F 1-2: Strikes out looking
|
Batting: SHB Héctor Jiménez
|
0-0: Foul Ball, location: 2F 0-1: Ball 1-1: Ball 2-1: Foul Ball, location: 2F 2-2: Strikes out looking
|
Batting: LHB Motoki Hirata
|
0-0: Foul Ball, location: 2F 0-1: DOUBLE (Flyball, 8RM)
|
Pinch Hitting: RHB Anastasio Villa
|
0-0: Ball 1-0: Foul Ball, location: 2F 1-1: Ground out 6-3 (Groundball, 6)
|
Bottom of the 7th over - 0 run(s), 1 hit(s), 0 error(s), 1 left on base; BlackIron 4 - Key West 3 |
TOP OF THE 8TH |
BlackIron Dragons batting - Pitching for Key West Barracudas : RHP Gerald Núñez
|
Pitching: LHP José Morán
|
|
Now at 3B: Anastasio Villa
|
|
Batting: RHB Boyd Pittman
|
0-0: Foul Ball, location: 2F 0-1: Swinging Strike 0-2: Ball 1-2: Strikes out looking
|
Batting: RHB Gil Palmer
|
0-0: Ball 1-0: SINGLE (Groundball, 6M)
|
Batting: LHB Culley Vaughan
|
0-0: Ball 1-0: Foul Ball, location: 2F 1-1: Ball 2-1: Ball 3-1: Foul Ball, location: 2F 3-2: Strikes out looking
|
Batting: RHB Preston MacLyan
|
0-0: Ball 1-0: Called Strike Gil Palmer is caught stealing 2nd base
|
Top of the 8th over - 0 run(s), 1 hit(s), 0 error(s), 0 left on base; BlackIron 4 - Key West 3 |
BOTTOM OF THE 8TH |
Key West Barracudas batting - Pitching for BlackIron Dragons : RHP Fernando Mendoza
|
Pitching: LHP Roberto Ontiveros
|
|
Batting: RHB Chris Adams
|
0-0: Ball 1-0: Ball 2-0: Ball 3-0: Called Strike 3-1: SINGLE (Groundball, 56D)
|
Pinch Hitting: RHB Joe Bailey
|
0-0: Ball 1-0: Ball 2-0: Called Strike 2-1: SINGLE (Groundball, 56) Chris Adams to second
|
Pinch Hitting: RHB Frederick Chamberlain
|
0-0: Ball 1-0: Called Strike 1-1: Swinging Strike 1-2: Ball 2-2: Strikes out swinging
|
Pitching: RHP Júlio Torres
|
|
Batting: RHB Dan Craft
|
0-0: SINGLE (Groundball, 56) Chris Adams to third Joe Bailey to second Runner from 3rd tries for Home, throw and OUT! Joe Bailey to third Dan Craft to second
|
Pitching: LHP Ricardo Vega
|
|
Pinch Hitting: RHB Steve Gómez
|
0-0: Fly out, F8 (Flyball, 89M)
|
Bottom of the 8th over - 0 run(s), 3 hit(s), 0 error(s), 2 left on base; BlackIron 4 - Key West 3 |
TOP OF THE 9TH |
BlackIron Dragons batting - Pitching for Key West Barracudas : LHP José Morán
|
Now at 1B: Joe Bailey
|
|
Now in LF: Frederick Chamberlain
|
|
Now in RF: Jacob Knapp
|
|
Batting: RHB Preston MacLyan
|
0-0: Ball 1-0: Swinging Strike 1-1: Foul Ball, location: 2F 1-2: Strikes out swinging
|
Batting: RHB Frank Maxwell
|
0-0: Called Strike 0-1: Ball 1-1: Called Strike 1-2: Ball 2-2: Strikes out looking
|
Batting: RHB Mark Arnold
|
0-0: Ball 1-0: Foul Ball, location: 2F 1-1: Foul Ball, location: 2F 1-2: Strikes out swinging
|
Top of the 9th over - 0 run(s), 0 hit(s), 0 error(s), 0 left on base; BlackIron 4 - Key West 3 |
BOTTOM OF THE 9TH |
Key West Barracudas batting - Pitching for BlackIron Dragons : LHP Ricardo Vega
|
Pitching: RHP Clayton Hawkins
|
|
Pinch Hitting: RHB Edward Holloway
|
0-0: Called Strike 0-1: Called Strike 0-2: Ball 1-2: Foul Ball, location: 2F 1-2: Strikes out looking
|
Batting: SHB Héctor Jiménez
|
0-0: Ball 1-0: Ball 2-0: Ball 3-0: Base on Balls
|
Pinch Runner at 1st Luis Manuel López:
|
|
Batting: LHB Motoki Hirata
|
0-0: Ball 1-0: Swinging Strike 1-1: SINGLE (Groundball, 34D) Luis Manuel López to second Runner from 2nd tries for 3rd, SAFE, throw made to third Motoki Hirata to second
|
Batting: RHB Anastasio Villa
|
0-0: Ball 1-0: Swinging Strike 1-1: Foul Ball, location: 2F 1-2: Ball 2-2: Ground out 6-3 (Groundball, 6)
|
Pinch Hitting: RHB Gary Duffy
|
0-0: Ball 1-0: Ball 2-0: Ball 3-0: Called Strike 3-1: Base on Balls
|
Batting: RHB Joe Bailey
|
0-0: Ball 1-0: Called Strike 1-1: GRAND SLAM HOME RUN (Flyball, 7LD), Distance : 357 ft
|
Monday, December 5th, 2016 - OOTP Baseball 17.12 Build 75
|
|